 Dungeon Crawl Stone Soup version 0.28.0-43-g3370ac3207 (console) character file.

Game seed: 10670779450854488064

5426 Zeor the Spear-Bearer (level 10, -6/86 HPs)
             Began as a Purple Draconian Monk on Mar 26, 2022.
             Was an Elder of Zin.
             Killed by an exploding yak (50 damage)
             ... ignited by their inner flame
             ... on level 9 of the Dungeon.
             The game lasted 00:46:49 (13541 turns).

Zeor the Spear-Bearer (Purple Draconian Monk)      Turns: 13541, Time: 00:46:49

Health: -6/86      AC:  9    Str: 13    XL:     10   Next: 40%
Magic:  15/15      EV: 15    Int: 10    God:    Zin [****..]
Gold:   84         SH:  0    Dex: 19    Spells: 9/9 levels left

rFire   . . .      SeeInvis +   a - +1 halberd (vorpal)
rCold   + . .      Faith    .   (shield currently unavailable)
rNeg    . . .      Spirit   .   (armour unavailable)
rPois   .          Reflect  .   (helmet restricted)
rElec   .          Harm     .   l - scarf {shadows}
rCorr   .          Rampage  .   v - +0 pair of gloves
Will    +....                   o - +0 pair of boots
Stlth   ++........              (no amulet)
HPRegen 0.24/turn               e - ring of protection from cold
MPRegen 0.14/turn               H - ring of see invisible

@: short of breath, on recite cooldown
A: breathe power, AC +7, unfitting armour, cold-blooded
a: Breathe Dispelling Energy, Renounce Religion, Recite, Vitalisation, Imprison,
Donate Gold


You were on level 9 of the Dungeon.
You worshipped Zin.
Zin was greatly pleased with you.
You visited 1 branch of the dungeon, and saw 9 of its levels.
You also visited: Sewer.

You collected 386 gold pieces.
You spent 186 gold pieces at shops.
You donated 116 gold pieces to Zin.

Inventory:

Hand Weapons
 a - a +1 vorpal halberd (weapon)
 b - a +0 halberd of holy wrath
 f - a +2 hand axe of flaming
 y - a +0 glaive
 A - a +3 halberd
Missiles
 d - 203 arrows
 i - 37 bolts
 t - a curare-tipped dart
Armour
 l - a scarf of shadows (worn)
 o - a +0 pair of boots (worn)
 v - a +0 pair of gloves (worn)
Magical Staves
 h - a staff of poison
 u - a staff of fire
 w - a staff of earth
Jewellery
 e - a ring of protection from cold (left hand)
 H - a ring of see invisible (right hand)
Wands
 g - a wand of charming (9)
 B - a wand of acid (21)
Scrolls
 c - 2 scrolls of enchant weapon
 j - 5 scrolls of teleportation
 m - 2 scrolls of magic mapping
 z - a scroll of vulnerability
 D - a scroll of fear
 F - a scroll of identify
Potions
 k - a potion of berserk rage
 n - 2 potions of flight
 p - 2 potions of attraction
 r - 2 potions of heal wounds
 s - 2 potions of invisibility
 x - 4 potions of curing
 E - a potion of haste
 G - a potion of ambrosia


   Skills:
 + Level 7.3 Fighting
 + Level 11.6 Polearms
 * Level 5.9 Dodging
 - Level 1.9 Stealth
 * Level 7.4 Invocations


You had 9 spell levels left.
You didn't know any spells.
Your spell library contained the following spells:

 Spells                   Type           Power      Damage    Failure   Level
 Apportation              Tloc           0%         N/A       36%         1
 Freeze                   Ice            0%         1d3       36%         1
 Shock                    Conj/Air       0%         1d3       36%         1
 Ensorcelled Hibernation  Hex/Ice        0%         N/A       50%         2
 Passwall                 Tmut/Erth      0%         N/A       50%         2
 Sublimation of Blood     Necr           0%         N/A       50%         2
 Frozen Ramparts          Ice            0%         1d2       75%         3
 Ignite Poison            Fire/Tmut/Pois 0%         N/A       75%         3
 Mephitic Cloud           Conj/Pois/Air  0%         N/A       75%         3
 Swiftness                Air            0%         N/A       75%         3
 Tukima's Dance           Hex            0%         N/A       75%         3
 Airstrike                Air            0%         N/A       98%         4
 Anguish                  Hex/Necr       0%         N/A       98%         4
 Hailstorm                Conj/Ice       0%         3d3       98%         4
 Petrify                  Tmut/Erth      0%         N/A       98%         4
 Alistair's Intoxication  Tmut/Pois      0%         N/A       100%        5
 Freezing Cloud           Conj/Ice/Air   0%         6-21      100%        5
 Irradiate                Conj/Tmut      0%         3d13      100%        5
 Enfeeble                 Hex            0%         N/A       100%        7


Dungeon Overview and Level Annotations

Branches:
Dungeon (9/15)             Temple (0/1) D:7           Sewer (visited)
   Lair: D:8-11         Orc: D:9-12

Altars:
Dithmenos
Hepliaklqana
Makhleb
Nemelex Xobeh
Ru
Xom
Zin
The Shining One

Shops:
D:3 *   D:4 *   D:5 (   D:7 *   D:8 ?

Annotations:
D:5 2 transporters, 1 runed translucent door, Crazy Yiuf; reversiblehash's ghost, novice GnFi
D:8 Maurice
D:9 Joseph


Innate Abilities, Weirdness & Mutations

You can breathe bolts of dispelling energy.
Your rich purple scales are hard. (AC +7)
You cannot fit into any form of body armour.
You are cold-blooded and may be slowed by cold attacks.


Message History

The yak is lightly wounded.
The gnoll seems less confused.
The yak is engulfed in blazing flames.
Flame seeps out of the yak.
The yak gores you but does no damage.
The yak is engulfed in blazing flames.
Flame seeps out of the yak.
The yak closely misses you.
The gnoll is engulfed in blazing flames.
The gnoll explodes!
The fiery explosion engulfs the orc!!!
The fiery explosion engulfs the gnoll sergeant!!!
The fiery explosion engulfs the steam dragon!!
The fiery explosion engulfs the orc!!
The orc explodes!
The fiery explosion engulfs the two-headed ogre!!
Flame seeps out of the two-headed ogre.
The two-headed ogre is moderately wounded.
The fiery explosion engulfs the orc warrior!
Flame seeps out of the orc warrior.
The orc warrior is moderately wounded.
The fiery explosion engulfs the gnoll!!! x2
The gnoll explodes!
The fiery explosion engulfs the orc warrior!!
The orc warrior explodes!
The fiery explosion engulfs the two-headed ogre!!
Flame seeps out of the two-headed ogre.
The two-headed ogre is heavily wounded.
The fiery explosion engulfs the two-headed ogre!!
The two-headed ogre explodes!
The fiery explosion engulfs the yak!
Flame seeps out of the yak.
The yak is heavily wounded.
The fiery explosion engulfs the yak!!
Flame seeps out of the yak.
The yak is almost dead.
The fiery explosion engulfs the two-headed ogre!!!
The two-headed ogre explodes!
The fiery explosion engulfs the yak!!! x2
The yak explodes!
The fiery explosion engulfs the yak!!
The yak explodes!
The fiery explosion engulfs you!!!
Ouch! That really hurt!
You die... ∙∙∙∙▒ ∙∙∙∙∙▒ ∙∙∙∙∙∙ ∙∙∙ ∙∙∙∙∙∙ ∙∙∙∙

∙∙∙∙∙▒ ∙▒
°#)?
∙∙∙∙▒▒ ∙∙▒
#####
∙∙∙▒▒ ▒∙∙▒
▒##○##
∙∙▒▒ ▒∙∙▒
▒▒○○####
∙▒▒
▒∙∙∙▒▒▒▒d▒
▒▒
▒∙∙∙▒▒∙▒▒
▒▒▒▒
▒∙∙∙∙▒▒
▒▒▒∙∙▒▒
▒▒∙∙▒▒
▒∙∙∙∙∙▒▒
▒∙∙▒
∙∙∙∙∙∙∙▒
▒∙▒▒▒▒
∙∙∙∙∙∙(▒
▒▒∙∙∙∙▒
∙∙∙∙∙∙∙▒
▒∙∙▒▒∙▒
>∙∙∙∙∙∙▒
▒∙∙∙∙∙▒


There were no monsters in sight!

Vanquished Creatures
  2 two-headed ogres (D:9)
  Pikel (D:6)
  9 yaks
  A wyvern (D:8)
  4 vampire mosquitoes (D:7)
  A steam dragon (D:9)
  Menkaure (D:6)
  2 water moccasins
  3 orc warriors
  2 sky beasts
  An ice beast (D:8)
  3 ogres
  2 centaurs
  A lemure (D:6)
  4 kobold brigands
  4 bullfrogs
  2 gnoll sergeants
  2 scorpions
  8 wights
  A howler monkey (D:5)
  A bullfrog zombie (D:5)
  A centaur zombie (D:5)
  A jelly (D:5)
  An iron imp (D:8)
  2 centaur skeletons (D:7)
  4 orc priests (D:8)
  A hound (D:7)
  2 bullfrog skeletons
  Terence (D:2)
  9 orc wizards
  2 killer bee zombies
  8 adders
  28 gnolls
  A river rat (Sewer)
  A shadow imp (D:8)
  An ufetubus (D:7)
  3 worms
  A dart slug (D:1)
  20 orcs
  11 ball pythons
  4 endoplasms
  3 giant cockroaches
  7 goblins
  9 hobgoblins
  A jackal (Sewer)
  44 kobolds
  3 quokkas
  10 bats
  8 frilled lizards
  11 rats
253 creatures vanquished.

Vanquished Creatures (others)
  12 plants (Sewer)
12 creatures vanquished.

Grand Total: 265 creatures vanquished

Notes
Turn   | Place    | Note
-------+----------+-------------------------------------------
     0 | D:1      | Zeor the Draconian Monk began the quest for the Orb.
     0 | D:1      | Reached XP level 1. HP: 19/19 MP: 1/1
   222 | D:1      | Reached XP level 2. HP: 26/26 MP: 2/2
   855 | D:2      | Found a faded altar of an unknown god.
   920 | D:2      | Reached XP level 3. HP: 26/33 MP: 3/3
  1352 | D:2      | You fall into a shaft and drop 1 floor!
  1477 | D:3      | Reached skill level 4 in Polearms
  1589 | D:3      | Found Zin's Purification Station.
  1589 | D:3      | Found a glowing silver altar of Zin.
  1615 | D:3      | Became a worshipper of Zin the Law-Giver
  1615 | D:3      | Reached * piety under Zin
  1615 | D:3      | Reached ** piety under Zin
  1647 | D:3      | Found a glowing drain.
  1671 | Sewer    | Entered a sewer
  1680 | Sewer    | Noticed a kobold brigand
  1751 | Sewer    | Killed a kobold brigand
  1752 | Sewer    | Reached XP level 4. HP: 11/34 MP: 2/4
  1974 | Sewer    | Reached skill level 1 in Invocations
  1999 | Sewer    | Reached XP level 5. HP: 25/41 MP: 5/5
  2248 | Sewer    | Reached skill level 5 in Polearms
  2642 | D:2      | Noticed Terence
  2662 | D:2      | Killed Terence
  2663 | D:2      | Reached XP level 6. HP: 42/52 MP: 7/7
  4416 | D:4      | Reached skill level 6 in Polearms
  5139 | D:4      | Found Ebryloho's Mass Market.
  5613 | D:4      | Your scales start taking on a rich purple colour.
  5613 | D:4      | Reached XP level 7. HP: 33/60 MP: 8/8
  5961 | D:4      | Reached *** piety under Zin
  6048 | D:4      | Reached skill level 7 in Polearms
  6705 | D:5      | Entered Level 5 of the Dungeon
  7048 | D:5      | Found Xudd's Weapon Emporium.
  7126 | D:5      | Reached skill level 5 in Fighting
  7130 | D:5      | Reached XP level 8. HP: 60/68 MP: 10/10
  7189 | D:5      | Reached skill level 8 in Polearms
  7217 | D:5      | Reached skill level 9 in Polearms
  7503 | D:5      | Reached **** piety under Zin
  7624 | D:5      | Found a shadowy altar of Dithmenos.
  7640 | D:5      | Found a transporter.
  7649 | D:5      | Found a transporter.
  7649 | D:5      | Noticed reversiblehash's ghost (novice GnFi)
  7812 | D:5      | Found a runed translucent door.
  7813 | D:5      | Noticed Crazy Yiuf
  8428 | D:5      | Reached XP level 9. HP: 75/75 MP: 12/12
  8767 | D:6      | Reached skill level 5 in Invocations
  9556 | D:6      | Reached skill level 10 in Polearms
  9638 | D:6      | Noticed Menkaure
  9644 | D:6      | Killed Menkaure
  9810 | D:6      | Noticed Pikel
  9893 | D:6      | Killed Pikel
  9894 | D:6      | Reached skill level 5 in Dodging
 10283 | D:7      | Found a staircase to the Ecumenical Temple.
 10429 | D:7      | Reached skill level 11 in Polearms
 10429 | D:7      | Reached XP level 10. HP: 19/84 MP: 15/15
 10924 | D:7      | Found Zufaupnu's Mayhem Merchandise.
 11426 | D:7      | Found a glowing golden altar of the Shining One.
 11518 | D:8      | Reached ***** piety under Zin
 11671 | D:8      | Found a burning altar of Makhleb.
 12034 | D:8      | Found a shimmering altar of Xom.
 12419 | D:8      | Noticed Maurice
 12491 | D:8      | Found Pilludgh's Magic Scroll Shoppe.
 12498 | D:8      | Bought a scroll of immolation for 38 gold pieces
 12498 | D:8      | Bought a scroll of fear for 38 gold pieces
 12498 | D:8      | Bought a scroll of identify for 22 gold pieces
 12498 | D:8      | Bought a scroll of teleportation for 33 gold pieces
 12498 | D:8      | Bought a scroll of teleportation for 33 gold pieces
 12498 | D:8      | Bought a scroll of identify for 22 gold pieces
 12502 | D:8      | Donated 78 gold pieces to Zin
 12590 | D:8      | Found a hazy altar of Hepliaklqana.
 12802 | D:9      | Noticed Joseph
 13379 | D:9      | Found a sacrificial altar of Ru.
 13506 | D:9      | Found a sparkling altar of Nemelex Xobeh.
 13523 | D:9      | Noticed a two-headed ogre
 13535 | D:9      | Noticed a two-headed ogre
 13541 | D:9      | Killed a two-headed ogre
 13541 | D:9      | Killed a two-headed ogre
 13541 | D:9      | Killed by an exploding yak... ignited by their inner flame

Illustrated notes

Levels and vault maps discovered:
D:1:      minmay_arrival_jagged, layout_rooms, grunt_decor_fettered,
          chequers_serial_rivers_small_3, minivault_5
D:2:      layout_basic, nicolae_ecumenical_pavilion, corexii_corridor_pit,
          uniq_terence
D:3:      layout_basic, zin_purify, cheibrodos_sewer_entry_sluice
D:4:      minmay_goblin_kobold_castle, layout_gridville, minmay_shop_mass
D:5:      layout_layer_cave, nicolae_dithmenos_through_a_glass_darkly,
          gammafunk_ghost_arena, serial_shops, nicolae_shop_hallway_stairs,
          uniq_crazy_yiuf_cottage
D:6:      layout_cave_pods, uniq_menkaure, uniq_pikel
D:7:      layout_basic, general_overflow_altar, minmay_temple_entry_slanted,
          minmay_shop_mayhem
D:8:      layout_loops_corners, makhleb_grotto_becter, tgw_xom, kennysheep_mini,
          serial_shops, nicolae_square_shop, chequers_serial_rivers_micro_e,
          uniq_maurice
D:9:      layout_cave_pods, hangedman_ru_absence, nemelex_diamond_rough_becter,
          cheibrodos_ashenzari_chains, uniq_joseph

Skill      XL: |  1  2  3  4  5  6  7  8  9 10 |
---------------+-------------------------------+-----
Dodging        | 3 4 5 |  5.9
Polearms       | 4 5 6 7 9 11 | 11.6
Fighting       | 4 5 6 7 |  7.3
Invocations    | 1 2 3 4 6 7 |  7.4
Stealth        | |  1.9

Action                   |  1- 3 |  4- 6 |  7- 9 | 10-12 || total
-------------------------+-------+-------+-------+-------++-------
Melee: Spear             |   210 |   197 |       |       ||   407
       Tailslap          |    14 |    33 |    33 |    14 ||    94
       Punch             |     2 |     1 |       |       ||     3
       Halberd           |       |   102 |   278 |   137 ||   517
Invok: Vitalisation      |     1 |       |     1 |     1 ||     3
       Recite            |       |     2 |     9 |     3 ||    14
       Donate Gold       |       |       |       |     1 ||     1
 Abil: Breathe Dispellin |       |       |    11 |     8 ||    19
  Use: Scroll            |     5 |     6 |     4 |    10 ||    25
       Potion            |       |     1 |     2 |       ||     3
 Stab: Sleeping          |     4 |     6 |     1 |     3 ||    14
       Distracted        |       |       |     2 |       ||     2
       Confused          |       |       |     2 |       ||     2
       Paralysed         |       |       |     1 |       ||     1
       Invisible         |       |       |       |     2 ||     2
Armor: Skin              |    55 |    94 |    72 |    41 ||   262
Dodge: Dodged            |   108 |   187 |   185 |    75 ||   555
